 Dungeon Crawl Stone Soup version 0.28.0-1-gb440e238dd (webtiles) character file.

Game seed: 8523273419046337361

12464 Aksej the Thaumaturge (level 12, -22/117 HPs)
             Began as a Djinni Fire Elementalist on Feb 22, 2022.
             Was an Elder of Hepliaklqana.
             Annihilated by a minotaur (31 damage)
             ... in a Gauntlet.
             The game lasted 00:58:31 (15649 turns).

Aksej the Thaumaturge (Djinni Fire Elementalist)   Turns: 15649, Time: 00:58:32

Health: -22/117    AC: 12    Str: 10    XL:     12   Next: 20%
Gold:   234        EV: 18    Int: 23    God:    Hepliaklqana [****..] SH:  5 Dex: 15

rFire   + + .      SeeInvis .   a - +9 mace "Undertaker" {spect, Str+3}
rCold   x . .      Faith    .   (no shield)
rNeg    + . .      Spirit   .   B - +1 robe {rN+}
rPois   ∞          Reflect  +   c - +2 helmet
rElec   .          Harm     .   l - +1 cloak {rCorr}
rCorr   +          Rampage  .   (no gloves)
Will    +....      NoTele   +   (boots unavailable)
Stlth   ..........              h - amulet of reflection
HPRegen 0.29/turn               d - +4 ring of evasion
MPRegen 0.00/turn               b - +4 ring of protection

@: berserking, flying, hasted, very quick
A: reduced essence, sickness immunity, fire resistance 2, cold vulnerability 1,
float, innate caster, HP casting, extra vitality 1, clever 1
a: Renounce Religion, Recall Ancestor, Ancestor Identity, Transference, Idealise


You were in a Gauntlet.
You worshipped Hepliaklqana.
Hepliaklqana was greatly pleased with you.
You visited 2 branches of the dungeon, and saw 13 of its levels.
You also visited: Ossuary and Gauntlet.

You collected 558 gold pieces.
You spent 324 gold pieces at shops.

Inventory:

Hand Weapons
 a - the +9 mace "Undertaker" (weapon) {spect, Str+3}
   (You found it on level 3 of the Dungeon)

   When its wielder attacks, the weapon's spirit leaps out and strikes again.
   The spirit shares a part of any damage it takes with its wielder.
   Str:       It affects your strength (+3).
Missiles
 w - 3 throwing nets
Armour
 c - a +2 helmet (worn)
 l - a +1 cloak of preservation (worn)
 s - the +0 pair of gloves of Qammunem {MP-9 Int+6}
   (You bought it in a shop on level 5 of the Dungeon)

   Int:       It affects your intelligence (+6).
   MP:        It affects your magic capacity (-9).
 t - the +0 helmet of the Ward {rCorr Dex+3}
   (You found it in a Gauntlet)

   Dex:       It affects your dexterity (+3).
   rCorr:     It protects you from acid and corrosion.
 B - a +1 robe of positive energy (worn)
Jewellery
 b - a +4 ring of protection (right hand)
 d - a +4 ring of evasion (left hand)
 f - an amulet of the acrobat
 h - an amulet of reflection (around neck)
 v - a ring of ice
Wands
 o - a wand of charming (2)
 r - a wand of mindburst (16)
 y - a wand of digging (2)
 A - a wand of flame (11)
 D - a wand of polymorph (8)
 F - a wand of iceblast (3)
Scrolls
 m - a scroll of brand weapon
 n - a scroll of enchant weapon
 p - 4 scrolls of teleportation
 q - 3 scrolls of fog
 z - 3 scrolls of blinking
 E - a scroll of holy word
Potions
 e - 12 potions of curing
 g - a potion of attraction
 i - 6 potions of lignification
 j - 5 potions of haste
 k - 3 potions of brilliance
 u - a potion of cancellation


   Skills:
 * Level 8.2 Fighting
 + Level 0.4 Long Blades
 + Level 6.0 Maces & Flails
 + Level 4.9 Dodging
 + Level 4.7 Stealth
 + Level 1.4 Shields
 + Level 0.2 Unarmed Combat
 + Level 10.8 Spellcasting
 + Level 0.1 Evocations


You had 5 spell levels left.
You knew the following spells:

 Your Spells              Type           Power      Damage    Failure   Level
a - Foxfire               Conj/Fire      100%       2x1d9     1%          1
b - Scorch                Fire           100%       2d10      1%          2
c - Conjure Flame         Conj/Fire      58%        6-21      1%          3
d - Inner Flame           Hex/Fire       58%        N/A       1%          3
e - Flame Wave            Conj/Fire      58%        2d11      1%          4
f - Pain                  Necr           100%       1d9       1%          1
g - Searing Ray           Conj           100%       2d8       1%          2
h - Dazzling Flash        Conj/Hex       100%       N/A       1%          3
i - Gell's Gravitas       Tloc           58%        N/A       1%          3
j - Lightning Bolt        Conj/Air       29%        1d45      1%          5
Your spell library was empty.

Dungeon Overview and Level Annotations

Branches:
Dungeon (12/15)            Temple (1/1) D:4            Lair (0/6) D:9
    Orc (0/2) D:10        Ossuary (visited)         Gauntlet (1/1)

Altars:
Ashenzari
Cheibriados
Dithmenos
Elyvilon
Fedhas
Gozag
Hepliaklqana
Kikubaaqudgha
Makhleb
Nemelex Xobeh
Okawaru
Qazlal
Ru
Sif Muna
Trog
Uskayaw
Vehumet
Wu Jian
Xom
Yredelemnul
Zin
The Shining One
Beogh

Shops:
D:1 =   D:2 (   D:4 [   D:5 [   D:8 (   D:11 *

Annotations:
Gauntlet 8 transporters, exclusions: 2 lightning spires and obsidian statue


Innate Abilities, Weirdness & Mutations

Your life essence is reduced to manifest your ancestor. (-10% HP)
You are immune to sickness and miasma.
You are immune to poison.
Your flesh is very heat resistant. (rF++)
You are vulnerable to cold. (rC-)
You float through the air rather than walking.
You learn spells naturally, not from books.
Your magical power is your life essence.
You have superior vitality. (+4 MHP)
Your mind is acute. (Int +2)


Message History

There are no items here.
There are no items here.
The minotaur blocks your attack.
Your +9 mace "Undertaker" {spect, Str+3} hits the minotaur!
The minotaur hits you with a +4 war axe of electrocution!
The minotaur hits Sinnashi with a +4 war axe of electrocution!!
The minotaur hits your +9 mace "Undertaker" {spect, Str+3} with a +4 war axe of electrocution!
Your spectral weapon shares its damage with you!
The minotaur closely misses you.
The minotaur blocks Sinnashi's attack.
The minotaur blocks your attack.
The minotaur is lightly wounded.
Your +9 mace "Undertaker" {spect, Str+3} hits the minotaur!
The minotaur hits you with a +4 war axe of electrocution!
* * * LOW HITPOINT WARNING * * *
Sinnashi blocks the minotaur's attack.
The minotaur gores you!
* * * LOW HITPOINT WARNING * * *
The minotaur blocks Sinnashi's attack.
The minotaur blocks your attack.
The minotaur is moderately wounded.
Your +9 mace "Undertaker" {spect, Str+3} hits the minotaur but does no damage.
You block the minotaur's attack.
The minotaur hits your +9 mace "Undertaker" {spect, Str+3} with a +4 war axe of electrocution!!
Your spectral weapon shares its damage with you!
Your +9 mace "Undertaker" {spect, Str+3} fades away.
The minotaur hits Sinnashi with a +4 war axe of electrocution!
* * * LOW HITPOINT WARNING * * *
The minotaur gores you!
* * * LOW HITPOINT WARNING * * *
Sinnashi hits the minotaur with a +0 flail.
The minotaur blocks your attack.
The minotaur is moderately wounded.
The minotaur blocks your +9 mace "Undertaker" {spect, Str+3}'s attack.
Unknown command.
You are too berserk!
You sock the minotaur!
The minotaur is heavily wounded.
Your +9 mace "Undertaker" {spect, Str+3} hits the minotaur!
Sinnashi hits the minotaur with a +0 flail.
The minotaur hits you with a +4 war axe of electrocution!!
You die...

##§..#.. #§§..###
############......
#........####.8...
##.##.###..##≈.....
#8..........##...##
#.....#.#....#...#[
#########.#.#.©8.#...##
#8=8§8@8#...#....#...##
#∩..§.HR'.###.©8.#.8.#©
#8[8[8(8#...#....#...##
#########.#.#.©8.#...##
#.....#.#....#...#
#8..........##...##
##.##.###..##§.....
#........####.8...
############......


You could see the friendly Sinnashi the knight, a minotaur (ally target) and a
friendly +9 mace "Undertaker" {spect, Str+3} (summoned).

Vanquished Creatures
  The ghost of Cykl0x the Geomancer, a journeyman GrEE of Vehumet (D:11)
  Pikel (D:7)
  A deep elf pyromancer (D:10)
  A kobold demonologist (D:11)
  Prince Ribbit (D:5)
  A hornet (D:9)
  2 trolls
  12 yaks
  4 wyverns
  A steam dragon (D:10)
  A warg (D:11)
  2 water moccasins
  An acid dragon (D:11)
  A sky beast (D:8)
  7 orc warriors
  An ogre (D:6)
  3 centaurs
  3 phantoms
  A gnoll sergeant (D:9)
  4 bullfrogs
  A wyvern zombie (D:8)
  A scorpion (D:6)
  14 killer bees
  7 wights
  2 howler monkeys
  4 hounds
  2 centaur zombies (Ossuary)
  A bullfrog zombie (D:5)
  2 human zombies (Ossuary)
  2 jellies
  7 orc priests
  2 centaur skeletons
  3 iguanas
  3 orc wizards
  5 ogre zombies (D:10)
  A hound skeleton (D:5)
  2 mummies (Ossuary)
  Robin (D:2)
  6 gnolls
  5 adders
  2 white imps
  An ufetubus (D:6)
  An adder zombie (Ossuary)
  A worm (D:2)
  8 dart slugs
  32 orcs
  6 ball pythons
  8 bats
  6 endoplasms
  2 giant cockroaches
  9 hobgoblins
  A quokka (D:1)
  5 frilled lizards
  30 goblins
  A goblin zombie (D:10)
  A hobgoblin skeleton (D:10)
  11 hobgoblin zombies
  4 jackal zombies (Ossuary)
  10 kobolds
  11 kobold zombies (Ossuary)
  An orc skeleton (D:10)
  21 orc zombies
  6 rats
  A rat zombie (Ossuary)
  A bush (D:4)
300 creatures vanquished.

Vanquished Creatures (collateral kills)
  A green death (Gauntlet)
  A cyclops (D:11)
  A komodo dragon (D:10)
  A shadow (D:11)
  6 yaks
  An acid dragon (D:11)
  An ogre (D:6)
  A centaur (D:7)
  A phantom (D:10)
  A kobold brigand (D:11)
  A wyvern skeleton (D:7)
  2 killer bees (D:8)
  A troll zombie (D:10)
  A wight (D:8)
  A centaur zombie (D:6)
  A gnoll shaman (D:7)
  An orc wizard (D:9)
  2 ogre zombies (D:10)
  4 gnolls
  3 orcs (D:8)
  A kobold (D:11)
  A goblin skeleton (D:10)
  A goblin zombie (D:10)
  2 orc skeletons (D:10)
  2 orc zombies (D:10)
  15 foxfires
54 creatures vanquished.

Vanquished Creatures (others)
  2 knights
  An ancestor (D:6)
  684 foxfires
  41 fungi
  13 plants
  A withered plant (Gauntlet)
742 creatures vanquished.

Grand Total: 1096 creatures vanquished

Notes
Turn   | Place    | Note
-------+----------+-------------------------------------------
     0 | D:1      | Aksej the Djinni Fire Elementalist began the quest for the
                  | Orb.
     0 | D:1      | Reached XP level 1. HP: 15/15 MP: 0/0
   304 | D:1      | Reached XP level 2. HP: 17/21 MP: 0/0
   853 | D:1      | Reached XP level 3. HP: 19/25 MP: 0/0
   853 | D:1      | Learned a level 1 spell: Pain
   958 | D:1      | Found Bomag's Jewellery Shoppe.
  1042 | D:1      | Reached skill level 3 in Spellcasting
  1912 | D:2      | Noticed Robin
  1916 | D:2      | Reached XP level 4. HP: 25/31 MP: 0/0
  2008 | D:2      | Killed Robin
  2354 | D:2      | Found Goorir's Antique Weapon Shoppe.
  3274 | D:3      | Reached XP level 5. HP: 33/35 MP: 0/0
  3274 | D:3      | Learned a level 2 spell: Searing Ray
  3306 | D:3      | Found a faded altar of an unknown god.
  3402 | D:3      | Identified the +9 mace "Undertaker" {spect, Str+3}
  3501 | D:3      | You are sucked into a shaft and drop 1 floor!
  3524 | D:4      | Noticed a water moccasin
  3529 | D:4      | Killed a water moccasin
  3530 | D:4      | Reached skill level 1 in Fighting
  3530 | D:4      | Reached skill level 4 in Spellcasting
  3530 | D:4      | Reached XP level 6. HP: 35/42 MP: 0/0
  3942 | D:4      | Found a sand-covered staircase.
  3947 | Ossuary  | Entered an ossuary
  4287 | Ossuary  | Reached XP level 7. HP: 46/49 MP: 0/0
  4287 | Ossuary  | Learned a level 3 spell: Dazzling Flash
  4689 | D:4      | Found a staircase to the Ecumenical Temple.
  4702 | Temple   | Entered the Ecumenical Temple
  4781 | Temple   | Became a worshipper of Hepliaklqana the Forgotten
  4912 | D:4      | Found Xiemaigo's Armour Shoppe.
  5061 | D:4      | Reached skill level 5 in Spellcasting
  5778 | D:4      | Reached skill level 1 in Maces & Flails
  5910 | D:5      | Entered Level 5 of the Dungeon
  5939 | D:5      | Reached * piety under Hepliaklqana
  6224 | D:5      | Found Junkizah's Antique Armour Emporium.
  6231 | D:5      | Bought a pair of translucent gloves for 199 gold pieces
  6231 | D:5      | Identified the +0 pair of gloves of Qammunem {MP-9 Int+6}
                  | (You bought it in a shop on level 5 of the Dungeon)
  6378 | D:5      | Reached XP level 8. HP: 41/49 MP: 0/0
  6521 | D:5      | Identified the +7 hunting sling of the Smoking Oracle
                  | {speed, rF++ Str+8 Dex-3 SInv}
  6820 | D:5      | Noticed Prince Ribbit
  6828 | D:5      | Killed Prince Ribbit
  7009 | D:5      | Gained mutation: You have sharp fingernails. [potion of
                  | mutation]
  7009 | D:5      | Gained mutation: Your mind is acute. (Int +2) [potion of
                  | mutation]
  7009 | D:5      | Lost mutation: You have sharp fingernails. [potion of
                  | mutation]
  7255 | D:6      | Reached skill level 6 in Spellcasting
  7550 | D:6      | Reached XP level 9. HP: 47/55 MP: 0/0
  7550 | D:6      | Learned a level 3 spell: Gell's Gravitas
  7898 | D:7      | Found a shadowy altar of Dithmenos.
  7931 | D:7      | Reached ** piety under Hepliaklqana
  7932 | D:7      | Remembered your ancestor Sinnashi as a knight
  7945 | D:7      | Noticed Pikel
  7957 | D:7      | Killed Pikel
  7958 | D:7      | Reached skill level 7 in Spellcasting
  8125 | D:7      | Reached skill level 5 in Fighting
  8552 | D:7      | Reached XP level 10. HP: 56/63 MP: 0/0
  8700 | D:7      | Found a hide-covered altar of Uskayaw.
  9501 | D:8      | Reached skill level 8 in Spellcasting
  9980 | D:8      | Found Tyest's Antique Weapon Shop.
 10075 | D:5      | Bought a glowing robe for 77 gold pieces
 10192 | D:8      | Identified the +9 trident of Qesay {freeze, Dex+7}
 10267 | D:8      | Identified a scroll of acquirement
 10267 | D:8      | Acquired an amulet of reflection
 10288 | D:8      | Reached *** piety under Hepliaklqana
 11450 | D:9      | Reached skill level 9 in Spellcasting
 11690 | D:9      | Found a staircase to the Lair.
 11972 | D:10     | Entered Level 10 of the Dungeon
 12011 | D:10     | Noticed a deep elf pyromancer
 12028 | D:10     | Reached XP level 11. HP: 44/70 MP: 0/0
 12028 | D:10     | Learned a level 5 spell: Lightning Bolt
 12047 | D:10     | Killed a deep elf pyromancer
 12295 | D:10     | Found a staircase to the Orcish Mines.
 12436 | D:10     | Reached **** piety under Hepliaklqana
 12444 | D:10     | Reached skill level 5 in Maces & Flails
 12706 | D:10     | Reached skill level 1 in Shields
 12803 | D:10     | Found a stormy altar of Qazlal.
 12903 | D:10     | Found an ornate altar of the Wu Jian Council.
 13515 | D:11     | Reached skill level 10 in Spellcasting
 13515 | D:11     | Noticed a cyclops
 13523 | D:11     | Killed a cyclops
 13782 | D:11     | Identified the +0 robe "Uluredd" {Regen+ Slay+3}
 14131 | D:11     | Found a runed translucent gate.
 14132 | D:11     | Found a runed translucent gate.
 14133 | D:11     | Noticed Cykl0x's ghost (journeyman GrEE)
 14133 | D:11     | Found a runed translucent gate.
 14136 | D:11     | Identified the +1 chain mail of Ling {Will++ Dex-5 Stlth+}
 14203 | D:11     | Found Keuret's General Store.
 14217 | D:11     | Bought a scroll of identify for 24 gold pieces
 14217 | D:11     | Bought a scroll of identify for 24 gold pieces
 14235 | D:11     | Found a hide-covered altar of Uskayaw.
 14377 | D:11     | Reached XP level 12. HP: 27/77 MP: 0/0
 14723 | D:11     | Killed Cykl0x's ghost
 15105 | D:12     | Found a gate leading to a gauntlet.
 15114 | Gauntlet | Entered a Gauntlet
 15114 | Gauntlet | Found a transporter.
 15124 | Gauntlet | Noticed an eight-headed hydra
 15218 | Gauntlet | Noticed a sixfirhy
 15220 | Gauntlet | Noticed a sixfirhy
 15220 | Gauntlet | Found a transporter.
 15222 | Gauntlet | Noticed a sixfirhy
 15233 | Gauntlet | Found a transporter.
 15237 | Gauntlet | Found a transporter.
 15247 | Gauntlet | Found a transporter.
 15267 | Gauntlet | Found a transporter.
 15273 | Gauntlet | Found a transporter.
 15274 | Gauntlet | Found a transporter.
 15302 | Gauntlet | Found a transporter.
 15303 | Gauntlet | Found a transporter.
 15311 | Gauntlet | Found a transporter.
 15317 | Gauntlet | Noticed a green death
 15320 | Gauntlet | Noticed a sixfirhy
 15589 | Gauntlet | Found a transporter.
 15599 | Gauntlet | Identified the +0 helmet of the Ward {rCorr Dex+3}
 15611 | Gauntlet | Killed a green death
 15639 | Gauntlet | Found the ring of the Octopus King
 15639 | Gauntlet | Noticed a minotaur
 15649 | Gauntlet | Annihilated by a minotaur

Illustrated notes

Levels and vault maps discovered:
D:1:      co_arrival_random_square_maze, layout_basic, serial_shops,
          nicolae_shop_trees, serial_bayou, serial_bayou_lagoon_a,
          serial_bayou_pond_a, serial_bayou_ford_a, serial_bayou_crossing,
          hangedman_decor_push
D:2:      layout_loops_cross, serial_shops, nicolae_diamond_shop,
          chequers_serial_rivers_large_b, hex_large, uniq_robin
D:3:      layout_basic, chequers_ecumenical_altar_island
D:4:      cheibrodos_greedy_goblins, layout_basic, minmay_temple_entry_glass,
          enter_ossuary_2, serial_shops,
          nicolae_shop_temple_entry_statues_fountains, serial_forest,
          infiniplex_forest_lined_2, infiniplex_forest_clump_cross,
          infiniplex_forest_end_1, infiniplex_forest_corner_1,
          infiniplex_forest_lined_3, infiniplex_forest_straight_2,
          infiniplex_forest_corner_1, infiniplex_forest_end_1, minivault_5
D:5:      layout_loops_corners, serial_shops, shop, nrook_mini_vaults,
          serial_bayou_lake_a, uniq_prince_ribbit1
D:6:      layout_loops_ring, nicolae_vehumet_radiance
D:7:      layout_basic, mainiacjoe_overflow_catch_the_wave, uniq_pikel
D:8:      layout_loops_corners, serial_shops, shop
D:9:      layout_loops_ring, lair_entry_dummy, grunt_decor_clamped
D:10:     layout_roguey, nicolae_wu_jian_wuxing_cycle,
          mainiacjoe_overflow_paths, lemuel_tele_altar, zombieorc2_lemuel
D:11:     layout_rooms, serial_shops, nicolae_lakefront_shop,
          biasface_ghost_orc_armoury, nicolae_uskayaw_dance_studio
D:12:     layout_loops_ring, gauntlet_entry_generic, special_room
          [special_room_orc], skrybe_limestone_x, minmay_shattered_shrine
Temple:   eino_temple_rhombus
Gauntlet: minmay_gauntlet_mixed_oops_all_seconds
          [minmay_gauntlet_arena_77_two_paths, gammafunk_gauntlet_arena_mazey,
          minmay_gauntlet_arena_77_checkered, gammafunk_gauntlet_arena_teeth,
          minmay_gauntlet_arena_77_tiled_triplets,
          gammafunk_gauntlet_arena_open, nicolae_gauntlet_exit_dead_adventurers]

Skill      XL: |  1  2  3  4  5  6  7  8  9 10 11 12 |
---------------+-------------------------------------+-----
Spellcasting   | 3 4 5 6 7 9 10 | 10.8
Stealth        | 2 3 4 |  4.7
Fighting       | 1 2 4 5 6 8 |  8.2
Dodging        | 3 4 |  4.9
Maces & Flails | 1 2 3 4 5 6 |  6.0
Shields        | 1 |  1.4
Long Blades    | |  0.4
Unarmed Combat | |  0.2
Evocations     | |  0.1

Action                   |  1- 3 |  4- 6 |  7- 9 | 10-12 || total
-------------------------+-------+-------+-------+-------++-------
Melee: Unarmed           |     3 |     7 |       |       ||    10
       Long sword        |       |     8 |       |       ||     8
       Mace              |       |    23 |    78 |   132 ||   233
       Punch             |       |       |     1 |     3 ||     4
 Cast: Foxfire           |    92 |   137 |   133 |    79 ||   441
       Scorch            |       |     1 |    28 |   119 ||   148
       Gell's Gravitas   |       |       |       |    20 ||    20
Invok: Recall Ancestor   |       |       |     4 |     1 ||     5
       Ancestor Identity |       |       |     1 |       ||     1
       Ancestor Life: Kn |       |       |     1 |       ||     1
Evoke: Wand              |       |       |       |     1 ||     1
  Use: Scroll            |     5 |     2 |    10 |     9 ||    26
       Potion            |       |     2 |     5 |     7 ||    14
 Stab: Sleeping          |       |     2 |     3 |     1 ||     6
       Distracted        |       |       |       |     3 ||     3
Armor: Robe              |     3 |    15 |    13 |    36 ||    67
Dodge: Dodged            |     3 |    48 |    45 |    94 ||   190
Block: Other             |       |       |       |    26 ||    26
